[ AOE2 MATCH · #480231913 ]
UnrankedRomans vs Cumans
Player's team · WIN
Rival team · LOSS
[ REPLAY ANALYSIS · EXTRACTED FROM THE RECORDED GAME ]
Feudal
8:54
Castle
19:26
Imperial
—
| APM avg | 62.5 |
| APM peak | 105 |
| eAPM avg | 32.7 |
| Villagers / military | 57 / 83 |
Focus
⚔️ 51.2% · 🌾 48.8%
Militia ×45 · Monk ×12 · Spearman ×9 · Battering Ram ×9 · Archer ×8
Feudal
8:32
Castle
23:02
Imperial
—
| APM avg | 47.0 |
| APM peak | 85 |
| eAPM avg | 28.6 |
| Villagers / military | 169 / 51 |
Focus
⚔️ 37.0% · 🌾 63.0%
Knight ×26 · Scout Cavalry ×15 · Scorpion ×7 · Camel Scout ×3
Match map
Initial resources + every placement click. Lines = walls · curves = elevation contours. ◆ gold · ⬟ stone · ● berries · ✦ relic · ◌ wall gap
Your base· Open — 2t gap
[Nors] °Andy°'s base· Open — 2t gap
Smoothed initial terrain · ◌ = detected wall gap · hover for details
Inputs per minute
— Zamaa - - [Nors] °Andy°
Build order — Zamaa
First 150 of 213 actions detected
| 0:00 | Create | Villager (Male) |
| 0:01 | Create | Villager (Male) |
| 0:01 | Create | Villager (Male) |
| 0:02 | Build | House |
| 0:03 | Build | House |
| 0:07 | Create | Villager (Male) |
| 0:07 | Create | Villager (Male) |
| 0:07 | Create | Villager (Male) |
| 1:24 | Create | Villager (Male) |
| 1:38 | Create | Villager (Male) |
| 1:38 | Create | Villager (Male) |
| 2:06 | Build | Lumber Camp |
| 2:32 | Create | Villager (Male) |
| 2:32 | Create | Villager (Male) |
| 2:48 | Create | Villager (Male) |
| 2:48 | Create | Villager (Male) |
| 3:24 | Create | Villager (Male) |
| 3:27 | Create | Villager (Male) |
| 3:56 | Build | House |
| 4:00 | Create | Villager (Male) |
| 4:26 | Create | Villager (Male) |
| 4:57 | Create | Villager (Male) |
| 5:14 | Build | Barracks |
| 5:21 | Create | Villager (Male) |
| 5:25 | Create | Villager (Male) |
| 5:25 | Research | Loom |
| 6:08 | Build | House |
| 6:25 | Research | Feudal Age |
| 6:25 | Research | Feudal Age |
| 6:40 | Create | Militia |
| 6:40 | Create | Militia |
| 6:57 | Build | Mining Camp |
| 7:02 | Create | Militia |
| 7:04 | Build | House |
| 7:26 | Create | Militia |
| 7:47 | Build | House |
| 8:03 | Create | Militia |
| 8:43 | Create | Villager (Male) |
| 8:54 | Age | Feudal Age |
| 8:55 | Research | Man-at-Arms (upgrade) |
| 8:55 | Research | Man-at-Arms (upgrade) |
| 9:00 | Build | Archery Range |
| 9:19 | Create | Villager (Male) |
| 9:21 | Research | Double-Bit Axe |
| 10:13 | Create | Villager (Male) |
| 10:24 | Create | Archer |
| 10:25 | Create | Archer |
| 10:25 | Create | Archer |
| 10:41 | Create | Villager (Male) |
| 11:00 | Create | Villager (Male) |
| 11:20 | Create | Villager (Male) |
| 11:26 | Create | Archer |
| 11:30 | Build | Mill |
| 11:32 | Build | Blacksmith |
| 11:59 | Create | Villager (Male) |
| 12:04 | Create | Villager (Male) |
| 12:08 | Create | Archer |
| 12:15 | Research | Fletching |
| 12:15 | Research | Fletching |
| 12:19 | Research | Horse Collar |
| 12:19 | Research | Horse Collar |
| 12:22 | Build | Farm |
| 12:24 | Build | Farm |
| 12:25 | Build | Farm |
| 12:44 | Create | Villager (Male) |
| 13:06 | Build | Farm |
| 13:07 | Build | Farm |
| 13:10 | Build | Farm |
| 13:12 | Create | Villager (Male) |
| 13:24 | Create | Villager (Male) |
| 13:37 | Create | Villager (Male) |
| 13:45 | Create | Archer |
| 13:57 | Create | Archer |
| 14:04 | Build | House |
| 14:28 | Build | House |
| 14:30 | Build | House |
| 14:37 | Create | Villager (Male) |
| 14:40 | Build | Market |
| 15:04 | Create | Villager (Male) |
| 15:15 | Create | Villager (Male) |
| 15:33 | Create | Villager (Male) |
| 15:39 | Create | Archer |
| 15:40 | Create | Villager (Male) |
| 15:57 | Build | Farm |
| 15:58 | Build | Farm |
| 16:00 | Build | Farm |
| 16:00 | Build | Farm |
| 16:02 | Build | Farm |
| 16:46 | Research | Castle Age |
| 16:46 | Research | Castle Age |
| 17:10 | Build | Farm |
| 17:12 | Build | Farm |
| 17:14 | Create | Militia |
| 17:14 | Create | Militia |
| 17:35 | Create | Militia |
| 17:37 | Create | Militia |
| 17:44 | Research | Scale Mail Armor |
| 17:44 | Research | Scale Mail Armor |
| 17:46 | Create | Militia |
| 17:56 | Build | House |
| 17:59 | Create | Militia |
| 18:32 | Create | Villager (Male) |
| 18:39 | Create | Militia |
| 18:53 | Create | Militia |
| 19:04 | Build | Farm |
| 19:26 | Age | Castle Age |
| 19:27 | Create | Militia |
| 19:30 | Build | Siege Workshop |
| 19:34 | Build | Siege Workshop |
| 19:38 | Research | Chain Mail Armor |
| 19:38 | Research | Chain Mail Armor |
| 19:40 | Research | Long Swordsman (upgrade) |
| 19:40 | Research | Long Swordsman (upgrade) |
| 19:40 | Research | Long Swordsman (upgrade) |
| 20:06 | Create | Villager (Male) |
| 20:07 | Create | Militia |
| 20:11 | Create | Battering Ram |
| 20:23 | Create | Militia |
| 20:38 | Create | Villager (Male) |
| 20:44 | Create | Militia |
| 20:49 | Create | Battering Ram |
| 20:51 | Create | Villager (Male) |
| 20:58 | Create | Battering Ram |
| 21:00 | Build | House |
| 21:01 | Build | House |
| 21:05 | Create | Militia |
| 21:24 | Research | Squires |
| 21:25 | Create | Villager (Male) |
| 21:25 | Create | Villager (Male) |
| 21:33 | Create | Militia |
| 21:44 | Create | Battering Ram |
| 21:46 | Create | Militia |
| 21:46 | Create | Militia |
| 22:04 | Build | House |
| 22:26 | Create | Militia |
| 22:27 | Create | Militia |
| 22:31 | Research | Forging |
| 22:31 | Research | Forging |
| 22:32 | Create | Villager (Male) |
| 22:32 | Create | Villager (Male) |
| 22:37 | Build | Farm |
| 22:38 | Build | Farm |
| 23:44 | Create | Battering Ram |
| 23:44 | Create | Battering Ram |
| 23:46 | Create | Militia |
| 23:47 | Create | Militia |
| 23:56 | Create | Militia |
| 23:57 | Create | Militia |
| 23:58 | Create | Villager (Male) |
| 23:59 | Create | Villager (Male) |
Build order — [Nors] °Andy°
First 150 of 331 actions detected
| 0:01 | Create | Villager (Male) |
| 0:02 | Build | House |
| 0:04 | Build | House |
| 0:05 | Create | Villager (Male) |
| 0:05 | Create | Villager (Male) |
| 0:06 | Create | Villager (Male) |
| 1:24 | Create | Villager (Male) |
| 1:50 | Create | Villager (Male) |
| 1:50 | Create | Villager (Male) |
| 2:26 | Create | Villager (Male) |
| 2:31 | Create | Villager (Male) |
| 3:12 | Research | Loom |
| 3:13 | Create | Villager (Male) |
| 3:14 | Create | Villager (Male) |
| 3:23 | Create | Villager (Male) |
| 3:23 | Create | Villager (Male) |
| 3:25 | Build | Lumber Camp |
| 3:35 | Create | Villager (Male) |
| 3:35 | Create | Villager (Male) |
| 3:49 | Build | House |
| 4:12 | Create | Villager (Male) |
| 4:43 | Create | Villager (Male) |
| 5:07 | Create | Villager (Male) |
| 5:08 | Create | Villager (Male) |
| 5:46 | Build | Mill |
| 5:48 | Research | Loom |
| 6:22 | Research | Feudal Age |
| 6:22 | Research | Feudal Age |
| 6:44 | Build | House |
| 6:45 | Build | House |
| 8:02 | Create | Villager (Male) |
| 8:32 | Age | Feudal Age |
| 8:33 | Create | Villager (Male) |
| 8:35 | Build | Town Center |
| 8:42 | Create | Villager (Male) |
| 8:44 | Research | Double-Bit Axe |
| 8:55 | Build | House |
| 8:56 | Build | House |
| 9:28 | Create | Villager (Male) |
| 9:42 | Create | Villager (Male) |
| 10:09 | Create | Villager (Male) |
| 10:12 | Create | Villager (Male) |
| 10:12 | Create | Villager (Male) |
| 10:12 | Create | Villager (Male) |
| 10:22 | Create | Villager (Male) |
| 10:22 | Create | Villager (Male) |
| 10:24 | Build | Farm |
| 10:34 | Build | Lumber Camp |
| 10:39 | Build | Farm |
| 10:57 | Create | Villager (Male) |
| 10:57 | Create | Villager (Male) |
| 11:01 | Build | Farm |
| 11:15 | Create | Villager (Male) |
| 11:29 | Build | Farm |
| 11:31 | Build | Farm |
| 11:32 | Create | Villager (Male) |
| 11:32 | Create | Villager (Male) |
| 11:37 | Build | Farm |
| 12:02 | Create | Villager (Male) |
| 12:02 | Create | Villager (Male) |
| 12:02 | Create | Villager (Male) |
| 12:03 | Build | Farm |
| 12:10 | Create | Villager (Male) |
| 12:10 | Create | Villager (Male) |
| 12:26 | Build | Farm |
| 12:33 | Build | Farm |
| 12:35 | Create | Villager (Male) |
| 12:35 | Create | Villager (Male) |
| 12:41 | Create | Villager (Male) |
| 12:42 | Create | Villager (Male) |
| 12:49 | Build | House |
| 12:51 | Build | House |
| 12:51 | Create | Villager (Male) |
| 12:52 | Create | Villager (Male) |
| 13:12 | Create | Villager (Male) |
| 13:12 | Create | Villager (Male) |
| 13:12 | Create | Villager (Male) |
| 13:20 | Build | Farm |
| 13:26 | Build | Farm |
| 13:27 | Create | Villager (Male) |
| 13:27 | Create | Villager (Male) |
| 13:35 | Build | House |
| 13:57 | Create | Villager (Male) |
| 13:58 | Create | Villager (Male) |
| 13:58 | Create | Villager (Male) |
| 14:06 | Create | Villager (Male) |
| 14:06 | Create | Villager (Male) |
| 14:12 | Create | Villager (Male) |
| 14:12 | Create | Villager (Male) |
| 14:14 | Create | Villager (Male) |
| 14:14 | Create | Villager (Male) |
| 14:16 | Build | Market |
| 14:48 | Create | Villager (Male) |
| 14:48 | Create | Villager (Male) |
| 15:08 | Create | Villager (Male) |
| 15:08 | Create | Villager (Male) |
| 15:17 | Build | Watch Tower |
| 15:20 | Create | Villager (Male) |
| 15:21 | Create | Villager (Male) |
| 15:21 | Create | Villager (Male) |
| 15:38 | Build | Watch Tower |
| 15:39 | Create | Villager (Male) |
| 15:39 | Create | Villager (Male) |
| 15:46 | Build | Farm |
| 15:48 | Build | Farm |
| 15:53 | Build | Mill |
| 16:07 | Build | Watch Tower |
| 16:12 | Create | Villager (Male) |
| 16:12 | Create | Villager (Male) |
| 16:40 | Create | Villager (Male) |
| 16:40 | Create | Villager (Male) |
| 16:56 | Build | Farm |
| 16:57 | Build | Farm |
| 17:04 | Build | Blacksmith |
| 17:11 | Build | Farm |
| 17:12 | Build | Farm |
| 17:14 | Build | Farm |
| 17:15 | Build | Farm |
| 17:20 | Build | Farm |
| 17:22 | Build | Lumber Camp |
| 17:23 | Create | Villager (Male) |
| 17:23 | Create | Villager (Male) |
| 17:27 | Build | Barracks |
| 17:28 | Create | Villager (Male) |
| 17:28 | Create | Villager (Male) |
| 17:33 | Create | Villager (Male) |
| 17:33 | Create | Villager (Male) |
| 17:40 | Build | House |
| 17:41 | Build | House |
| 17:50 | Create | Villager (Male) |
| 17:50 | Create | Villager (Male) |
| 17:54 | Create | Villager (Male) |
| 17:55 | Create | Villager (Male) |
| 18:00 | Research | Fletching |
| 18:05 | Create | Villager (Male) |
| 18:05 | Create | Villager (Male) |
| 18:09 | Build | Farm |
| 18:11 | Build | Farm |
| 18:15 | Build | Farm |
| 18:15 | Create | Villager (Male) |
| 18:15 | Create | Villager (Male) |
| 18:35 | Create | Villager (Male) |
| 18:35 | Create | Villager (Male) |
| 18:35 | Create | Villager (Male) |
| 18:40 | Build | Stable |
| 18:55 | Create | Villager (Male) |
| 18:55 | Create | Villager (Male) |
| 18:55 | Create | Villager (Male) |
| 19:00 | Build | Stable |
| 19:09 | Build | Farm |
Match timeline
| 5:14 | Zamaa · first_building Barracks |
| 8:32 | [Nors] °Andy° · age_up feudal |
| 8:54 | Zamaa · age_up feudal |
| 9:00 | Zamaa · first_building Archery Range |
| 15:10 | [Nors] °Andy° · first_market_buy 100 stone |
| 16:05 | Zamaa · first_market_sell 100 stone |
| 16:06 | Zamaa · first_market_buy 100 food |
| 17:27 | [Nors] °Andy° · first_building Barracks |
| 18:40 | [Nors] °Andy° · first_building Stable |
| 19:26 | Zamaa · age_up castle |
| 19:30 | Zamaa · first_building Siege Workshop |
| 20:14 | [Nors] °Andy° · first_market_sell 100 wood |
| 22:33 | [Nors] °Andy° · wall_segment Palisade Wall x1 |
| 23:02 | [Nors] °Andy° · age_up castle |
| 23:38 | [Nors] °Andy° · first_building Siege Workshop |
| 25:41 | Zamaa · first_building Monastery |
| 31:16 | [Nors] °Andy° · resign |
[ AI ANALYSIS · 1 CREDIT ]
What really happened in this match?
Wolo.gg analyzes every decision: build order, eco, micro, common mistakes by bracket. Personalized analysis on WhatsApp or Discord in 30 seconds.
Civ guide
Romans
Perfil
Jugador #8913439